 Dungeon Crawl Stone Soup version 0.32-a0-893-gf85d74f360 (webtiles) character file.

Game seed: 8906536667657749117

120 porpoise the Apothecary (level 5, -1/42 HPs)
             Began as a Naga Alchemist on Apr 3, 2024.
             Slain by an orc
             ... wielding a +0 short sword
              (2 damage)
             ... on level 3 of the Dungeon.
             The game lasted 00:10:56 (2421 turns).

porpoise the Apothecary (Naga Alchemist)            Turns: 2421, Time: 00:10:56

Health: -1/42      AC:  2    Str: 10    XL:     5   Next: 4%
Magic:  9/9        EV:  9    Int: 17    God:
Gold:   88         SH:  0    Dex: 12    Spells: 6/9 levels left

rFire   . . .        a - +0 dagger
rCold   . . .        (no shield)
rNeg    . . .        d - +0 robe
rPois   +            (no helmet)
rElec   .            (no cloak)
rCorr   +            (no gloves)
SInv    +            (no barding)
Will    .....        (no amulet)
Stlth   ++           e - ring of resist corrosion
HPRegen 0.27/turn    (no ring)
MPRegen 0.11/turn

%: no passive effects
@: very slow
A: AC +1, large, see invisible, deformed body, poison resistance, slowness 2,
spit poison 1, naga tail 1
a: Spit Poison


You were on level 3 of the Dungeon.
You visited 1 branch of the dungeon, and saw 3 of its levels.

You collected 88 gold pieces.

Inventory:

Hand Weapons
 a - a +0 dagger (weapon)
Armour
 d - a +0 robe (worn)
Jewellery
 e - a ring of resist corrosion (left hand)
Scrolls
 c - a scroll of amnesia {unknown}
 f - a scroll of fear {unknown}
 h - a scroll of enchant weapon {unknown}
Potions
 b - a potion of magic
 g - a potion of ambrosia


   Skills:
 - Level 1.5 Dodging
 + Level 3.9 Stealth
 * Level 2.8 Spellcasting
 * Level 2.2 Conjurations
 * Level 1.4 Air Magic
 * Level 4.5 Alchemy


You had 6 spell levels left.
You knew the following spells:

 Your Spells              Type           Power      Damage    Failure   Level
a - Sting                 Conj/Alch      56%        1d6       4%          1
b - Mercury Vapours       Alch/Air       24%        N/A       8%          2

Your spell library contained the following spells:

 Spells                   Type           Power      Damage    Failure   Level
 Mephitic Cloud           Conj/Alch/Air  11%        N/A       17%         3
 Olgreb's Toxic Radiance  Alch           18%        N/A       26%         4
 Sticky Flame             Fire/Alch      10%        2d5       56%         4


Dungeon Overview and Level Annotations

Branches:
Dungeon (3/15)

Altars:


Innate Abilities, Weirdness & Mutations

Your serpentine skin is tough. (AC +1)
You have supernaturally acute eyesight. (SInv)
Armour fits poorly on your strangely shaped body.
Your system is resistant to poisons. (rPois)
You cover ground very slowly.
You can spit poison.
You have a snake-like lower body.


Message History

The orc barely misses you.
The kobold hits you from afar with a +0 trident.
* * * LOW HITPOINT WARNING * * *
The orc hits you with a +0 short sword.
* * * LOW HITPOINT WARNING * * *
The kobold barely misses you. The orc hits you with a +0 short sword.
The kobold hits you from afar with a +0 trident!
* * * LOW HITPOINT WARNING * * *
The orc hits you with a +0 short sword.
* * * LOW HITPOINT WARNING * * *
The kobold closely misses you. The orc hits you with a +0 short sword.
* * * LOW HITPOINT WARNING * * *
The kobold hits you from afar with a +0 trident.
* * * LOW HITPOINT WARNING * * *
The orc barely misses you.
The kobold hits you from afar with a +0 trident.
* * * LOW HITPOINT WARNING * * *
The orc hits you with a +0 short sword.
* * * LOW HITPOINT WARNING * * *
The kobold completely misses you. The orc hits you but does no damage.
The kobold barely misses you.
You feel less invigorated.
You feel less confused. The orc hits you with a +0 short sword.
* * * LOW HITPOINT WARNING * * *
The kobold barely misses you.
You hit the orc but do no damage. The orc hits you with a +0 short sword.
* * * LOW HITPOINT WARNING * * *
The kobold hits you from afar with a +0 trident.
* * * LOW HITPOINT WARNING * * *
The orc attacks as it pursues you! The orc barely misses you.
You see here a rat corpse.
The orc hits you with a +0 short sword.
* * * LOW HITPOINT WARNING * * *
You hit the orc.
The orc is heavily wounded.
The orc hits you with a +0 short sword.
You die...

..................#
###+######.###+##....#
..............>##....#
......#.##.###.##....#
###.###.##.###
#..........#
######.#.#.# #.#.#.#
#.#@# # #.#o# #.#K#
#..†# ####.)....#
...?... .......
......# .......


You could see an orc and a kobold.

Vanquished Creatures
  A scorpion (D:3)
  An adder (D:3)
  A ribbon worm (D:2)
  2 ball pythons
  12 bats
  An endoplasm (D:2)
  2 giant cockroaches
  5 goblins
  6 hobgoblins
  4 jackals (D:2)
  2 quokkas
  4 frilled lizards
  5 kobolds
  5 rats
51 creatures vanquished.

Notes
Turn   | Place    | Note
-------+----------+-------------------------------------------
     0 | D:1      | porpoise the Naga Alchemist began the quest for the Orb.
     0 | D:1      | Reached XP level 1. HP: 15/15 MP: 3/3
   406 | D:1      | Reached XP level 2. HP: 18/22 MP: 5/5
   733 | D:1      | Learned a level 2 spell: Mercury Vapours
   886 | D:1      | Reached skill level 4 in Alchemy
  1234 | D:1      | Reached XP level 3. HP: 28/28 MP: 6/6
  2259 | D:3      | Reached skill level 1 in Air Magic
  2259 | D:3      | Reached XP level 4. HP: 24/36 MP: 0/7
  2371 | D:3      | Noticed a scorpion
  2381 | D:3      | Killed a scorpion
  2382 | D:3      | Reached XP level 5. HP: 40/42 MP: 3/9
  2413 | D:3      | HP: 2/42 [kobold/+0 trident (6)]
  2420 | D:3      | HP: 1/42 [orc/+0 short sword (1)]
  2421 | D:3      | Slain by an orc

Illustrated notes

Levels and vault maps discovered:
D:1:      shiori_arrival_oz, layout_loops_cross
D:2:      layout_loops_ring
D:3:      layout_basic, minmay_misc_feat_x

Skill      XL: |  1  2  3  4 |
---------------+-------------+-----
Alchemy        | 4 |  4.5
Air Magic      | 1 |  1.4
Conjurations   | 2 |  2.2
Dodging        | |  1.5
Stealth        | |  3.9
Spellcasting   | |  2.8

Action                     |  1- 3 |  4- 6 || total
---------------------------+-------+-------++-------
  Melee: Unarmed           |    30 |       ||    30
         Dagger            |    37 |    11 ||    48
   Cast: Sting             |    76 |     4 ||    80
         Mercury Vapours   |     1 |       ||     1
    Use: Potion            |       |     1 ||     1
   Stab: Sleeping          |     2 |     1 ||     3
 Armour: Robe              |    68 |    29 ||    97
  Dodge: Dodged            |    57 |    18 ||    75

Table legend: (Time is in decaauts)
 A = Elapsed time spent in this place.
 B = Non-inter-level travel time spent in this place.
 C = Inter-level travel time spent in this place.
 D = Time resting spent in this place.
 E = Time spent auto-exploring this place.
 F = Levels seen in this place.
 G = Mean time per level.
                   A        B        C        D        E       F      G
               +--------+--------+--------+--------+--------+-----+--------+
         Total |   2835 |   2768 |     67 |    930 |   1401 |   3 |  945.0 |
       Dungeon |   2835 |   2768 |     67 |    930 |   1401 |   3 |  945.0 |
               +--------+--------+--------+--------+--------+-----+--------+

Top non-repeatable levels by time:
     D:1: 1516 daAuts
     D:2: 1124 daAuts
     D:3: 194 daAuts
